 Dungeon Crawl Stone Soup version 0.29.1-15-g9cfb28693d (webtiles) character file.

Game seed: 5179746329246875159

245564 tkbsonic5 the Slayer (level 18, -1/163 HPs)
             Began as a Minotaur Delver on Apr 20, 2023.
             Was an Elder of Wu Jian.
             Killed from afar by an acid blob (6 damage)
             ... with a splash of acid
             ... on level 1 of the Pits of Slime on June 25, 2023.
             The game lasted 03:48:30 (36092 turns).

tkbsonic5 the Slayer (Minotaur Delver)             Turns: 36092, Time: 03:48:32

Health: -1/163     AC: 21    Str: 25    XL:     18   Next: 76%
Magic:  20/20      EV: 12    Int:  6    God:    Wu Jian [****..]
Gold:   1146       SH:  0    Dex:  8    Spells: 14/22 levels left

rFire   + . .      SeeInvis .   h - +12 pair of quick blades "Gyre" and "Gimble" {protect}
rCold   . . .      Faith    .   (shield currently unavailable)
rNeg    . . .      Spirit   .   Y - +5 chain mail {rF+}
rPois   .          Reflect  .   (helmet restricted)
rElec   .          Harm     .   k - +0 cloak "Nyogair" {Regen+ rCorr Str+2 Int-3}
rCorr   +          Rampage  .   G - +0 pair of gloves
Will    +....      Rnd*Tele +   v - +1 pair of boots
Stlth   ..........              l - amulet of regeneration
HPRegen 1.97/turn               U - +4 ring of protection
MPRegen 0.17/turn               x - ring of resist corrosion

@: confused, corroded, under a protective aura
A: horns 2, retaliatory headbutt, clumsy 2, frail 1, teleportitis 1
}: 2/15 runes: serpentine, barnacled
a: Renounce Religion, Wall Jump, Serpent's Lash


You were on level 1 of the Pits of Slime.
You worshipped Wu Jian.
Wu Jian was greatly pleased with you.
You visited 6 branches of the dungeon, and saw 31 of its levels.

You collected 1913 gold pieces.
You spent 767 gold pieces at shops.

Inventory:

Hand Weapons
 h - the +12 pair of quick blades "Gyre" and "Gimble" (weapon) {protect}
   (You took it off a merfolk impaler on level 4 of the Shoals)

   It grants its wielder temporary protection when it strikes (+7 to AC).
 D - a +7 war axe of electrocution {Pineapple Bomb}
 L - the +9 battleaxe of Qobao {venom, Contam rF+ rC+ rN++ MP-9, bottom's up}
   (You found it on level 13 of the Dungeon)

   It poisons the flesh of those it strikes.
   rF:        It protects you from fire.
   rC:        It protects you from cold.
   rN:        It greatly protects you from negative energy.
   MP:        It affects your magic capacity (-9).
   Contam:    It causes magical contamination when unequipped.
 P - the +6 battleaxe of the Battered Xeniums {vorpal, *Corrode MP+9 Str+7, CocoDrillo Death Roll}
   (You found it on level 1 of the Lair of Beasts)

   It inflicts extra damage upon your enemies.
   Str:       It affects your strength (+7).
   MP:        It affects your magic capacity (+9).
   *Corrode:  It may corrode you when you take damage.
 S - the +9 mace "Wufodwiy" {protect, rElec Int+2}
   (You found it on level 2 of the Snake Pit)

   It grants its wielder temporary protection when it strikes (+7 to AC).
   Int:       It affects your intelligence (+2).
   rElec:     It insulates you from electricity.
 W - the +10 short sword "Fogoorphi" {vamp, Will+}
   (You found it on level 1 of the Shoals)

   It occasionally heals its wielder for a portion of the damage dealt when it
   wounds a living foe.
   Will:      It increases your willpower.
Missiles
 r - 11 boomerangs
 y - 2 silver javelins
 z - 33 poisoned darts {Bars}
Armour
 e - a +1 kite shield of protection
 k - the +0 cloak "Nyogair" (worn) {Regen+ rCorr Str+2 Int-3}
   (You acquired it on level 5 of the Lair of Beasts)

   Str:       It affects your strength (+2).
   Int:       It affects your intelligence (-3).
   Regen:     It increases your rate of health regeneration.
   rCorr:     It protects you from acid and corrosion.
 v - a +1 pair of boots (worn)
 C - a +3 scale mail of fire resistance
 G - a +0 pair of gloves (worn)
 K - a +2 buckler of fire resistance
 Y - a +5 chain mail of fire resistance (worn)
Jewellery
 a - an amulet of reflection
 c - a ring of see invisible
 l - an amulet of regeneration (around neck)
 s - a ring of poison resistance
 u - the ring "Ebbangell" {rElec Will+}
   (You bought it in a shop on level 7 of the Dungeon)

   [ring of willpower]

   rElec:     It insulates you from electricity.
   Will:      It increases your willpower.
 w - a ring of willpower
 x - a ring of resist corrosion (right hand)
 B - a ring of protection from cold
 I - an amulet of magic regeneration
 N - a ring of positive energy
 O - a +6 ring of strength
 Q - an amulet of guardian spirit
 R - an amulet of the acrobat
 U - a +4 ring of protection (left hand)
Wands
 b - a wand of mindburst (7) (quivered)
 g - a wand of digging (12)
 H - a wand of paralysis (3)
 J - a wand of polymorph (5)
 V - a wand of flame (5)
Scrolls
 i - a scroll of magic mapping
 m - 10 scrolls of teleportation
 F - 2 scrolls of fear
 T - 18 scrolls of identify
Potions
 f - 3 potions of lignification
 o - 5 potions of flight
 p - 2 potions of attraction
 t - 5 potions of magic
 A - a potion of cancellation
 Z - 2 potions of ambrosia
Miscellaneous
 d - a lightning rod (4/4)
 q - a tin of tremorstones (2/2)


   Skills:
 - Level 21.2 Fighting
 * Level 6.3 Short Blades
 - Level 20.3(20.5) Axes
 - Level 4.7(14.1) Maces & Flails
 - Level 9.2 Throwing
 - Level 18.1 Armour
 - Level 11.8 Dodging
 - Level 4.1 Stealth
 - Level 10.3 Shields
 - Level 2.6 Spellcasting
 - Level 3.2 Necromancy
 - Level 6.0 Evocations


You had 14 spell levels left.
You knew the following spells:

 Your Spells              Type           Power      Damage    Failure   Level
a - Necrotise             Necr           16%        1d4       34%         1
b - Vampiric Draining     Necr           4%         2d6       71%         3
c - Animate Dead          Necr           4%         N/A       98%         4

Your spell library contained the following spells:

 Spells                   Type           Power      Damage    Failure   Level
 Sublimation of Blood     Necr           4%         N/A       47%         2
 Apportation              Tloc           0%         N/A       80%         1
 Foxfire                  Conj/Fire      0%         2x1d4     80%         1
 Freeze                   Ice            0%         1d3       80%         1
 Magic Dart               Conj           0%         1d3       80%         1
 Shock                    Conj/Air       0%         1d3       80%         1
 Blink                    Tloc           0%         N/A       90%         2
 Ensorcelled Hibernation  Hex/Ice        0%         N/A       90%         2
 Passwall                 Tmut/Erth      0%         N/A       90%         2
 Scorch                   Fire           0%         2d5       90%         2
 Searing Ray              Conj           0%         2d4       90%         2
 Wereblood                Tmut           0%         N/A       90%         2
 Dispel Undead            Necr           4%         3d7       98%         4
 Confusing Touch          Hex            0%         N/A       99%         3
 Conjure Flame            Conj/Fire      0%         6-21      99%         3
 Dazzling Flash           Conj/Hex       0%         N/A       99%         3
 Frozen Ramparts          Ice            0%         1d1       99%         3
 Inner Flame              Hex/Fire       0%         N/A       99%         3
 Lesser Beckoning         Tloc           0%         N/A       99%         3
 Spider Form              Tmut/Pois      0%         N/A       99%         3
 Stone Arrow              Conj/Erth      0%         3d7       99%         3
 Summon Guardian Golem    Hex/Summ       0%         N/A       99%         3
 Swiftness                Air            0%         N/A       99%         3
 Airstrike                Air            0%         2d(0-16)  100%        4
 Anguish                  Hex/Necr       1%         N/A       100%        4
 Animate Armour           Summ/Erth      0%         N/A       100%        4
 Corpse Rot               Necr/Pois/Air  2%         N/A       100%        4
 Flame Wave               Conj/Fire      0%         2d4       100%        4
 Fulminant Prism          Conj/Hex       0%         3d6       100%        4
 Hailstorm                Conj/Ice       0%         3d3       100%        4
 Iskenderun's Mystic Bla  Conj/Tloc      0%         2d3       100%        4
 Agony                    Necr           4%         N/A       100%        5
 Alistair's Intoxication  Tmut/Pois      0%         N/A       100%        5
 Borgnjor's Vile Clutch   Necr/Erth      1%         N/A       100%        5
 Manifold Assault         Tloc           0%         N/A       100%        5
 Yara's Violent Unravell  Hex/Tmut       0%         3d3       100%        5
 Death Channel            Necr           2%         N/A       100%        6
 Starburst                Conj/Fire      0%         6d3       100%        6
 Summon Cactus Giant      Summ           0%         N/A       100%        6
 Enfeeble                 Hex            0%         N/A       100%        7
 Orb of Destruction       Conj           0%         9d5       100%        7
 Spellforged Servitor     Conj/Summ      0%         N/A       100%        7
 Summon Hydra             Summ           0%         N/A       100%        7
 Lehudib's Crystal Spear  Conj/Erth      0%         10d2      100%        8


Dungeon Overview and Level Annotations

Branches:
Dungeon (15/15)            Temple (1/1) D:6            Lair (5/5) D:10
 Shoals (4/4) Lair:2        Snake (4/4) Lair:2        Slime (2/5) Lair:4
    Orc (0/2) D:9          Vaults (0/5) D:13         Depths (0/4) D:15

Altars:
Ashenzari
Cheibriados
Dithmenos
Elyvilon
Fedhas
Gozag
Hepliaklqana
Kikubaaqudgha
Makhleb
Nemelex Xobeh
Okawaru
Qazlal
Ru
Sif Muna
Trog
Uskayaw
Vehumet
Wu Jian
Xom
Yredelemnul
Zin
The Shining One
Jiyva

Shops:
D:7 =   Snake:1 (

Annotations:
D:3 3 runed translucent doors, Djinni's ghost, weakling DjSu
Temple 2 transporters
Shoals:3 2 transporters, Meoqees's ghost, adept MiFi


Innate Abilities, Weirdness & Mutations

You have a pair of horns on your head.
You reflexively headbutt those who attack you in melee.
You are very clumsy. (Dex -4)
You are frail. (-10% HP)
You are occasionally teleported next to monsters.


Message History

Okay, then.
You are too confused!
Unknown command.
Okay, then.
The acid blob attacks as you move away!
The acid blob hits you but does no damage.
The acid blob spits acid at you.
The splash of acid hits you but does no damage.
There is a stone staircase leading up here.
The acid blob hits you but does no damage.
You climb upwards.
There is a stone staircase leading down here.
The acid blob attacks as you move away! The acid blob hits you.
You are splashed with acid.
You resist.
You hit the acid blob but do no damage.
Your weapon exudes an aura of protection.
Your hands burn!
You headbutt the acid blob. You hit the acid blob.
Your hands burn!
The acid blob hits you!!
* * * LOW HITPOINT WARNING * * *
You are splashed with acid.
You resist.
* * * LOW HITPOINT WARNING * * *
The acid blob attacks as you move away!
The acid blob hits you but does no damage.
The acid blob barely misses you. The acid blob attacks as you move away!
The acid blob hits you.
* * * LOW HITPOINT WARNING * * *
You are splashed with acid.
You resist.
* * * LOW HITPOINT WARNING * * *
You hit the acid blob but do no damage.
Your hands burn!
* * * LOW HITPOINT WARNING * * *
You headbutt the acid blob! You hit the acid blob.
Your hands burn!
* * * LOW HITPOINT WARNING * * *
The acid blob attacks as you move away! The acid blob hits you!!
* * * LOW HITPOINT WARNING * * *
The acid corrodes you!
You are splashed with acid.
You resist.
* * * LOW HITPOINT WARNING * * *
The acid blob spits acid at you. The splash of acid hits you. You resist.
You die...

### ### ####### ######
###..##.####.##..###.##.##
#........................##
......#...................##
#..#........>..............##
....#.......................#
.....#......................#
.##.#.......J....#.........##
# #.....#.@............### #
##...........#......##
###.##...................#
#..........##......<.#..##
.....#...##.#.........#.##
#.#......#...............# #
##.#..........#.......##
#.#.......#.##.......#
#..............#.#....#


You could see an acid blob.

Vanquished Creatures
  Vashnia (Snake:2)
  Rupert (D:15)
  Mlioglotl (Shoals:1)
  Ilsuiw (Shoals:3)
  An azure jelly (Slime:1)
  A rockslime (Slime:1)
  A fenstrider witch (Shoals:3)
  4 nagarajas
  Aizul (Snake:4)
  Louise (Snake:4)
  A stone giant (D:15)
  A very ugly thing (D:13)
  Snorg (D:11)
  2 merfolk javelineers (Shoals:4)
  14 merfolk impalers
  Josephine (D:15)
  Harold (D:11)
  6 boulder beetles
  10 hydras
  2 salamander tyrants (Snake:4)
  A rakshasa (D:14)
  2 alligator snapping turtles (Shoals:4)
  4 satyrs
  3 merfolk avatars
  12 anacondas
  2 ogre magi (D:14)
  7 two-headed ogres
  4 catoblepae
  3 centaur warriors
  13 naga warriors
  3 merfolk aquamancers
  A death knight (D:14)
  6 tengu warriors
  12 death yaks
  15 naga sharpshooters
  Urug (D:13)
  10 shock serpents
  Amaemon (Lair:1)
  9 salamander mystics
  28 sea snakes
  9 skeletal warriors
  5 naga ritualists
  2 lindwurms (Snake:4)
  A wizard (D:15)
  A necromancer (D:14)
  35 harpies
  2 deep elf pyromancers
  7 mana vipers
  A harpy (shapeshifter) (D:13)
  19 fauns
  13 manticores
  16 ugly things
  8 cyclopes
  16 salamanders
  5 merfolk sirens
  5 water nymphs
  17 elephants
  25 black mambas
  10 guardian serpents
  2 torpor snails
  Psyche (D:11)
  5 gargoyles
  17 naga magi
  Joseph (Lair:1)
  4 kobold demonologists
  An orange demon (Lair:1)
  A rime drake (Lair:1)
  9 cane toads
  8 yaktaurs
  2 tengu conjurers
  An efreet (D:14)
  9 komodo dragons
  2 freezing wraiths (D:14)
  An unseen horror (D:12)
  A hornet (D:8)
  6 blink frogs
  A troll (D:14)
  8 polar bears
  4 wind drakes
  29 merfolk
  A meliai (D:14)
  7 snapping turtles
  8 dream sheep
  4 slime creatures
  6 wraiths
  A jumping spider (shapeshifter) (D:14)
  A shadow (D:11)
  A wyvern (Lair:2)
  8 water elementals
  Eustachio (D:4)
  3 vampires
  Grum (D:9)
  15 humans (D:13)
  7 basilisks
  61 yaks
  A yak (shapeshifter) (D:13)
  A fire bat (Lair:5)
  7 golden eyes
  4 vampire mosquitoes
  30 nagas
  An acid dragon (D:12)
  19 water moccasins
  A floating eye (Lair:4)
  3 sky beasts
  3 black bears
  3 orc warriors
  An ice beast (D:8)
  2 ogres
  8 centaurs
  13 wolves
  5 kobold brigands
  14 bullfrogs
  Blork the orc (D:4)
  3 gnoll sergeants
  A necrophage (D:5)
  3 scorpions (D:7)
  6 killer bees (D:11)
  8 electric eels
  4 howler monkeys
  6 orc priests
  Crazy Yiuf (D:5)
  3 gnoll boudas
  4 hounds
  Jessica (D:2)
  5 iguanas
  2 hell rats (Lair:5)
  7 orc wizards
  Terence (D:2)
  A mummy (D:7)
  29 gnolls
  13 adders
  5 river rats (Lair:5)
  A shadow imp (D:5)
  A white imp (D:7)
  3 ufetubi
  2 dart slugs
  32 orcs
  5 bats
  7 endoplasms
  3 giant cockroaches
  7 hobgoblins
  11 jackals (D:1)
  6 quokkas
  5 ball pythons
  4 frilled lizards
  10 goblins
  3 hobgoblin zombies (D:7)
  28 kobolds
  An orc zombie (D:7)
  12 rats
985 creatures vanquished.

Vanquished Creatures (collateral kills)
  A yak (D:11)
1 creature vanquished.

Vanquished Creatures (others)
  A harpy (Shoals:4)
  A manticore (D:13)
  A merfolk (Shoals:4)
  A human (D:13)
  2 goblins
  84 fungi
  263 plants
353 creatures vanquished.

Grand Total: 1339 creatures vanquished

Notes
Turn   | Place    | Note
-------+----------+-------------------------------------------
     0 | D:5      | tkbsonic5 the Minotaur Delver began the quest for the Orb.
     0 | D:5      | Reached XP level 1. HP: 19/19 MP: 0/0
    18 | D:5      | Reached XP level 2. HP: 18/27 MP: 1/1
   276 | D:4      | Found an ancient bone altar of Kikubaaqudgha.
   283 | D:4      | Became a worshipper of Kikubaaqudgha
   298 | D:4      | Found an iron altar of Okawaru.
   313 | D:4      | Reached skill level 4 in Fighting
   313 | D:4      | Reached XP level 3. HP: 28/33 MP: 2/2
   506 | D:3      | Reached XP level 4. HP: 38/41 MP: 3/3
   772 | D:1      | Reached * piety under Kikubaaqudgha
   772 | D:1      | Received a gift from Kikubaaqudgha
   900 | D:1      | Reached XP level 5. HP: 46/47 MP: 4/4
  1382 | D:2      | Found a faded altar of an unknown god.
  1602 | D:2      | Found a radiant altar of Vehumet.
  1652 | D:2      | Noticed Terence
  1661 | D:2      | Killed Terence
  1662 | D:2      | Reached skill level 5 in Axes
  1662 | D:2      | Reached skill level 1 in Armour
  1668 | D:2      | Learned a level 1 spell: Necrotise
  1672 | D:2      | Learned a level 3 spell: Vampiric Draining
  1797 | D:2      | Noticed Jessica
  1804 | D:2      | Killed Jessica
  1804 | D:2      | Reached ** piety under Kikubaaqudgha
  2083 | D:3      | Reached skill level 1 in Necromancy
  2083 | D:3      | Reached XP level 6. HP: 43/53 MP: 5/5
  2180 | D:3      | Found a runed translucent gate.
  2181 | D:3      | Found a runed translucent gate.
  2181 | D:3      | Found an opulent altar of Gozag.
  2183 | D:3      | Found a runed translucent gate.
  2187 | D:3      | Noticed Djinni's ghost (weakling DjSu)
  2552 | D:4      | Reached skill level 5 in Fighting
  2705 | D:4      | Noticed Blork the orc
  2710 | D:4      | Noticed Eustachio
  2781 | D:4      | Killed Eustachio
  2782 | D:4      | Reached skill level 1 in Spellcasting
  2782 | D:4      | Reached XP level 7. HP: 61/61 MP: 2/7
  2964 | D:4      | Learned a level 4 spell: Animate Dead
  3169 | D:4      | Killed Blork the orc
  4011 | D:5      | Reached skill level 6 in Fighting
  4011 | D:5      | Reached skill level 1 in Evocations
  4011 | D:5      | Reached XP level 8. HP: 54/70 MP: 9/9
  4069 | D:5      | Reached *** piety under Kikubaaqudgha
  4069 | D:5      | Received a gift from Kikubaaqudgha
  4070 | D:5      | Reached skill level 1 in Throwing
  4250 | D:5      | Found a runed translucent door.
  4251 | D:5      | Noticed Crazy Yiuf
  4399 | D:5      | Killed Crazy Yiuf
  4473 | D:6      | Reached skill level 1 in Shields
  4540 | D:6      | Found a staircase to the Ecumenical Temple.
  4599 | D:6      | Found an opulent altar of Gozag.
  4686 | D:6      | Reached skill level 5 in Dodging
  5370 | D:7      | Noticed a two-headed ogre
  5371 | D:7      | Noticed a komodo dragon
  5388 | D:7      | Killed a two-headed ogre
  5389 | D:7      | Reached skill level 7 in Fighting
  5389 | D:7      | Reached skill level 5 in Armour
  5389 | D:7      | Reached XP level 9. HP: 69/79 MP: 11/11
  5655 | D:7      | Found Souton's Jewellery Shop.
  5734 | D:7      | Reached **** piety under Kikubaaqudgha
  5798 | D:7      | Killed a komodo dragon
  6288 | D:7      | Fell from the grace of Kikubaaqudgha
  6407 | Temple   | Entered the Ecumenical Temple
  6407 | Temple   | Found a transporter.
  6407 | Temple   | Found a transporter.
  6409 | Temple   | Found a transporter.
  6409 | Temple   | Found a transporter.
  6456 | Temple   | Became a worshipper of the Wu Jian Council
  6615 | D:8      | Noticed a two-headed ogre
  6620 | D:8      | Killed a two-headed ogre
  6621 | D:8      | Reached skill level 8 in Fighting
  6646 | D:8      | Found a sacrificial altar of Ru.
  6705 | D:8      | Reached XP level 10. HP: 87/88 MP: 12/12
  7080 | D:9      | Noticed an orange demon
  7249 | D:9      | Reached * piety under Wu Jian
  7298 | D:9      | Noticed Grum
  7317 | D:9      | Killed Grum
  7491 | D:9      | Found a staircase to the Orcish Mines.
  7535 | D:9      | Reached skill level 9 in Fighting
  7567 | D:9      | Found a glowing silver altar of Zin.
  7573 | D:9      | Found a broken altar of Ashenzari.
  7578 | D:9      | Found a shadowy altar of Dithmenos.
  7827 | D:10     | Entered Level 10 of the Dungeon
  7860 | D:10     | Reached skill level 5 in Shields
  7931 | D:10     | Noticed a five-headed hydra
  7938 | D:10     | Killed a five-headed hydra
  7939 | D:10     | Reached skill level 5 in Throwing
  8091 | D:10     | Reached XP level 11. HP: 97/97 MP: 13/13
  8118 | D:10     | Found a staircase to the Lair.
  8119 | D:10     | Noticed a two-headed ogre
  8131 | D:10     | Reached ** piety under Wu Jian
  8144 | D:10     | Killed a two-headed ogre
  8145 | D:10     | Reached skill level 10 in Axes
  8257 | D:10     | Noticed a two-headed ogre
  8277 | D:10     | Killed a two-headed ogre
  8278 | D:10     | Reached skill level 10 in Fighting
  8378 | D:10     | Noticed a harpy
  8378 | D:10     | a yak changed into a harpy
  8380 | D:10     | a harpy changed into a meliai
  8732 | D:11     | Noticed a two-headed ogre
  8739 | D:11     | Killed a two-headed ogre
  9045 | D:7      | Bought a ring of positive energy for 260 gold pieces
  9191 | D:11     | Noticed Snorg
  9201 | D:11     | Noticed Harold
  9207 | D:11     | Killed Snorg
  9211 | D:11     | Noticed a six-headed hydra
  9228 | D:11     | Killed a six-headed hydra
  9229 | D:11     | Reached skill level 11 in Fighting
  9236 | D:11     | Noticed Psyche
  9311 | D:11     | Killed Harold
  9312 | D:11     | Reached skill level 10 in Armour
  9317 | D:11     | Killed Psyche
  9403 | D:11     | Noticed a boulder beetle
  9408 | D:11     | Reached XP level 12. HP: 110/110 MP: 14/14
  9417 | D:11     | Reached *** piety under Wu Jian
  9477 | D:11     | Killed a boulder beetle
  9877 | Lair:1   | Entered Level 1 of the Lair of Beasts
  9984 | Lair:1   | Noticed Amaemon
 10001 | Lair:1   | Killed Amaemon
 10008 | Lair:1   | Identified the +6 battleaxe of the Battered Xeniums
                  | {vorpal, *Corrode MP+9 Str+7}
 10290 | Lair:1   | Noticed Joseph
 10296 | Lair:1   | Killed Joseph
 10551 | Lair:1   | Noticed an eight-headed hydra
 10555 | Lair:1   | Killed an eight-headed hydra
 10556 | Lair:1   | Reached skill level 12 in Fighting
 11541 | Lair:2   | Found a staircase to the Shoals.
 11543 | Lair:2   | Noticed a four-headed hydra
 11567 | Lair:2   | Killed a four-headed hydra
 11585 | Lair:2   | Reached **** piety under Wu Jian
 11684 | Lair:2   | Reached XP level 13. HP: 116/119 MP: 15/15
 11913 | Lair:2   | Reached skill level 13 in Fighting
 11964 | Lair:2   | Found a staircase to the Snake Pit.
 12303 | Lair:2   | You fall into a shaft and drop 2 floors!
 12327 | Lair:4   | Found a frozen archway.
 12650 | Lair:3   | Reached ***** piety under Wu Jian
 13168 | Lair:2   | Was forgiven by Kikubaaqudgha
 14031 | Lair:4   | Found a staircase to the Slime Pits.
 14031 | Lair:4   | Found a viscous altar of Jiyva.
 14284 | Lair:4   | Identified the +1 plate armour of Valour {Harm rN+ Regen+}
 14310 | Lair:4   | Identified the +1 leather armour "Huningut" {+Inv rC+ Will+
                  | MP+9 Dex-4}
 14616 | Lair:5   | Entered Level 5 of the Lair of Beasts
 14672 | Lair:5   | Identified a scroll of acquirement
 14674 | Lair:5   | Acquired the +0 cloak "Nyogair" {Regen+ rCorr Str+2 Int-3}
 14721 | Lair:5   | Reached skill level 14 in Fighting
 15243 | Lair:5   | Reached XP level 14. HP: 133/133 MP: 16/16
 15417 | Lair:5   | Reached skill level 15 in Axes
 15464 | Lair:5   | Reached skill level 15 in Fighting
 16922 | D:13     | Noticed a red very ugly thing
 16922 | D:13     | Noticed Urug
 16922 | D:13     | Found a gate to the Vaults.
 16930 | D:13     | Killed a red very ugly thing
 16931 | D:13     | Killed Urug
 16940 | D:13     | Reached ****** piety under Wu Jian
 16943 | D:13     | Reached skill level 16 in Fighting
 16957 | D:13     | Identified the +9 battleaxe of Qobao {venom, Contam rF+ rC+
                  | rN++ MP-9}
 17669 | D:14     | Gained mutation: You are clumsy. (Dex -2) [mutagenic glow]
 17677 | D:14     | Reached XP level 15. HP: 86/145 MP: 8/17
 17826 | D:14     | Reached skill level 10 in Dodging
 17986 | D:14     | Gained mutation: You are frail. (-10% HP) [mutagenic glow]
 18372 | D:14     | Identified the +7 dagger of the Pill Bug {vamp, rElec rPois
                  | Dex-3 Stlth+}
 18641 | D:15     | Entered Level 15 of the Dungeon
 18996 | D:15     | Noticed Rupert
 19015 | D:15     | Killed Rupert
 19016 | D:15     | Reached skill level 17 in Fighting
 19132 | D:15     | Reached skill level 10 in Shields
 19197 | D:15     | Found a staircase to the Depths.
 19470 | D:15     | Noticed Josephine
 19475 | D:15     | Killed Josephine
 20002 | Snake:1  | Entered Level 1 of the Snake Pit
 20060 | Snake:1  | Found Ymniem's Weapon Emporium.
 20698 | D:7      | Bought the ring "Ebbangell" {rElec Will+} for 507 gold
                  | pieces
 20894 | Snake:1  | Reached XP level 16. HP: 127/139 MP: 18/18
 21188 | Snake:2  | Noticed Vashnia
 21402 | Snake:2  | Killed Vashnia
 21403 | Snake:2  | Reached skill level 15 in Armour
 21876 | Snake:2  | Identified the +9 mace "Wufodwiy" {protect, rElec Int+2}
 22779 | Snake:3  | Reached skill level 18 in Fighting
 22997 | Snake:3  | Gained mutation: You are very clumsy. (Dex -4) [mutagenic
                  | glow]
 24179 | Snake:4  | Entered Level 4 of the Snake Pit
 25304 | Snake:4  | Noticed Aizul
 25322 | Snake:4  | Killed Aizul
 25773 | Snake:4  | Reached XP level 17. HP: 134/149 MP: 19/19
 26195 | Snake:4  | Reached skill level 19 in Fighting
 26638 | Snake:4  | Noticed Louise
 26644 | Snake:4  | Killed Louise
 27745 | Snake:4  | Got a serpentine rune of Zot
 27961 | Shoals:1 | Entered Level 1 of the Shoals
 28329 | Shoals:1 | Identified the +10 short sword "Fogoorphi" {vamp, Will+}
 29637 | Shoals:1 | Reached skill level 1 in Maces & Flails
 29940 | Shoals:2 | Reached skill level 20 in Fighting
 30154 | Shoals:2 | Noticed Mlioglotl
 30203 | Shoals:1 | Killed Mlioglotl
 30533 | Shoals:2 | Reached skill level 5 in Evocations
 31092 | Shoals:3 | Reached XP level 18. HP: 146/160 MP: 20/20
 31408 | Shoals:3 | Noticed Meoqees's ghost (adept MiFi)
 31413 | Shoals:3 | Noticed Ilsuiw
 31962 | Shoals:3 | Killed Ilsuiw
 32163 | Shoals:3 | Identified the ring "Xoan" {Will+ Dex+4}
 32226 | Shoals:3 | Found a transporter.
 32229 | Shoals:3 | Found a transporter.
 32312 | Shoals:4 | Entered Level 4 of the Shoals
 34445 | Shoals:3 | Reached skill level 1 in Short Blades
 34943 | Shoals:4 | Reached skill level 21 in Fighting
 35041 | Shoals:4 | Got a barnacled rune of Zot
 35154 | Shoals:4 | Reached skill level 5 in Short Blades
 35775 | Slime:1  | Entered Level 1 of the Pits of Slime
 35969 | Slime:1  | Gained mutation: You are occasionally teleported next to
                  | monsters. [mutagenic glow]
 36092 | Slime:1  | HP: 5/163 [acid blob (24)]
 36092 | Slime:1  | Killed from afar by an acid blob

Illustrated notes

Levels and vault maps discovered:
D:1:      eino_arrival_tree_alley, layout_loops_cross, minmay_vboxes
D:2:      wander_river, layout_basic, basic_altar,
          ebering_ecumenical_altar_sacrificial, uniq_terence, uniq_jessica
D:3:      layout_rooms, gup_sewer_entry_glass, ebering_ghost_gozag
D:4:      wad_river_or_something, layout_loops_corners,
          mainiacjoe_overflow_catwalk, kennysheep_mini, uniq_eustachio,
          uniq_blork_the_orc
D:5:      layout_cave_pools, corexii_checkpoint_a, roderic_lattice_a,
          uniq_crazy_yiuf_cottage
D:6:      layout_cave_pods, mainiacjoe_overflow_tiny_flanked,
          minmay_temple_entry_slanted, serial_rivers,
          chequers_serial_rivers_small_a, chequers_serial_rivers_marsh,
          chequers_serial_rivers_micro_b, chequers_serial_rivers_micro_d,
          chequers_serial_rivers_room_a
D:7:      layout_basic, serial_shops, nicolae_shop_trees, minmay_mini_ossuary
D:8:      layout_rooms, nicolae_ru_path_of_blood
D:9:      layout_cave_pools, minmay_overflow_temple_star_quad, orc_0_dummy,
          chequers_avenue, uniq_grum
D:10:     layout_roguey, due_lair_maze_entry_diamond
D:11:     layout_rooms, uniq_psyche, uniq_harold, uniq_snorg
D:12:     layout_loops_ring
D:13:     layout_loops_cross, david_vaults_3
D:14:     minmay_swirls_squares, layout_rooms, corexii_hall_statues_x
D:15:     grunt_enter_depths_giant_problem, layout_loops_corners,
          dk_noncrumbling_4, reono_crystal_passage, uniq_rupert, uniq_josephine
Temple:   hellmonk_temple_divided_pantheon
Lair:1:   beast_lair_carwin_large_2, layout_long_grid,
          cheibrodos_lair_reptile_den, grunt_megastairs_1, uniq_amaemon,
          uniq_joseph
Lair:2:   layout_big_grid, minmay_shoals_entry_beasts,
          guppyfry_snake_entry_island, serial_bayou_shore_a
Lair:3:   layout_hall_layers, infiniplex_staircase_pool_2
Lair:4:   nzn_winding_woodlands_small [nzn_winding_woodlands_5x15_default,
          nzn_winding_woodlands_center_diamonds,
          nzn_winding_woodlands_5x15_lazy_stream], layout_misc_corridors,
          slime_entry_1, portal_ice_cave_entry_pillars_2, nzn_sisyphean_effort,
          infiniplex_staircase_pool
Lair:5:   evilmike_catoblepas_cave, layout_loops_ring, kennysheep_rathole,
          grunt_megastairs_2
Shoals:1: layout_shoals, nicolae_shoals_lost_giant_hut,
          nicolae_shoals_arrival_archipelago
Shoals:2: layout_shoals, uniq_mlioglotl
Shoals:3: layout_shoals, ebering_ghost_davey_jones,
          nicolae_shoals_beach_house_on_fowls_legs, uniq_ilsuiw
Shoals:4: shoals_end_grunt_garden, layout_shoals
Snake:1:  layout_gridlike, st_stairs_9, grunt_megastairs_3, minmay_shop_star
Snake:2:  layout_cave_pods, drop_trap, nicolae_snake_round_shape_thing,
          uniq_vashnia
Snake:3:  layout_basic, serial_bayou_pond_d
Snake:4:  snake_pit_salamanders_mu, layout_misc_corridors, uniq_louise,
          uniq_aizul
Slime:1:  layout_caves, cheibrodos_slime_lost_civilization_4
Slime:2:  layout_caves

Skill      XL: |  1  2  3  4  5  6  7  8  9 10 11 12 13 14 15 16 17 18 |
---------------+-------------------------------------------------------+-----
Axes           | 3 4 5 6 7 8 9 11 13 14 16 17 19 20 | 20.3
Fighting       | 4 5 6 7 8 9 11 12 14 16 17 18 20 21 | 21.2
Dodging        | 3 4 5 6 7 8 9 10 11 | 11.8
Armour         | 1 2 3 5 6 8 10 11 12 13 14 16 17 18 | 18.1
Necromancy     | 1 2 3 |  3.2
Spellcasting   | 1 2 |  2.6
Evocations     | 1 2 4 5 6 |  6.0
Throwing       | 2 3 5 6 8 9 |  9.2
Shields        | 2 3 5 6 8 10 | 10.3
Maces & Flails | 2 4 |  4.7
Short Blades   | 6 |  6.3
Stealth        | |  4.1

Action                   |  1- 3 |  4- 6 |  7- 9 | 10-12 | 13-15 | 16-18 || total
-------------------------+-------+-------+-------+-------+-------+-------++-------
Melee: Hand axe          |    43 |    53 |       |       |       |       ||    96
       Headbutt          |     5 |    23 |    37 |    74 |   263 |   196 ||   598
       Punch             |     1 |     2 |     1 |       |     1 |       ||     5
       Short sword       |       |   151 |    20 |       |       |       ||   171
       War axe           |       |       |   172 |   315 |   759 |    22 ||  1268
       Battleaxe         |       |       |       |    98 |   129 |   937 ||  1164
       Quarterstaff      |       |       |       |     8 |       |       ||     8
       Demon whip        |       |       |       |       |    36 |       ||    36
       Dagger            |       |       |       |       |     9 |       ||     9
       Pair of quick bla |       |       |       |       |       |    35 ||    35
Throw: Dart              |       |       |    14 |    13 |    61 |    72 ||   160
       Throwing net      |       |       |     2 |     2 |     1 |     5 ||    10
       Boomerang         |       |       |    10 |    89 |   139 |   457 ||   695
 Cast: Necrotise         |       |    15 |     8 |       |       |       ||    23
Invok: Unearth Wretches  |       |     1 |     1 |       |       |       ||     2
       Lunge             |       |       |     2 |    21 |    45 |    72 ||   140
       Renounce Religion |       |       |     1 |       |       |       ||     1
       Whirlwind         |       |       |       |     9 |    23 |    60 ||    92
       Heavenly Storm    |       |       |       |       |     1 |     6 ||     7
       Serpent's Lash    |       |       |       |       |     1 |     7 ||     8
 Abil: Wall Jump         |       |       |       |     5 |    13 |    29 ||    47
Evoke: Wand              |       |       |    40 |    18 |    61 |    47 ||   166
       Lightning rod     |       |       |       |       |     6 |     2 ||     8
  Use: Scroll            |     1 |     9 |     8 |    14 |    19 |    11 ||    62
       Potion            |       |     1 |     3 |    13 |     7 |    32 ||    56
 Stab: Sleeping          |     1 |     5 |       |       |       |       ||     6
       Paralysed         |       |     1 |       |       |     1 |     8 ||    10
       Distracted        |       |     1 |       |       |       |       ||     1
       Invisible         |       |       |     1 |     2 |     4 |     3 ||    10
       Held in net/web   |       |       |     1 |       |       |     2 ||     3
Armor: Leather armour    |    11 |    39 |    10 |       |       |       ||    60
       Scale mail        |       |    28 |       |       |       |       ||    28
       Plate armour      |       |       |    81 |   274 |   362 |       ||   717
       Skin              |       |       |       |    13 |       |    16 ||    29
       Chain mail        |       |       |       |       |    60 |   607 ||   667
Dodge: Dodged            |    32 |   117 |    75 |   178 |   256 |   578 ||  1236
Block: Buckler           |       |       |    13 |    68 |   117 |       ||   198
       Kite shield       |       |       |       |       |   142 |    14 ||   156
       Other             |       |       |       |       |       |   170 ||   170
       Reflection        |       |       |       |       |       |    25 ||    25
